 Dungeon Crawl Stone Soup version 0.30-b1-2-g02819fbbbe (webtiles) character file.

Game seed: 12196428054608758185

1024 Alarkh the Fighter (level 8, 71/71 HPs)
             Began as a Demonspawn Artificer on Nov 26, 2023.
             Got out of the dungeon alive.
             The game lasted 00:03:42 (3815 turns).

Alarkh the Fighter (Demonspawn Artificer)           Turns: 3815, Time: 00:03:43

Health: 71/71      AC:  3    Str: 19    XL:     8   Next: 2%
Magic:  8/8        EV: 16    Int: 14    God:
Gold:   236        SH:  0    Dex: 14    Spells: 7/7 levels left

rFire   . . .        a - +2 dagger (venom)
rCold   . . .        (no shield)
rNeg    . . .        b - +0 leather armour
rPois   .            (helmet restricted)
rElec   .            (no cloak)
rCorr   .            (no gloves)
SInv    .            (no boots)
Will    .....        (no amulet)
Stlth   +            q - +5 ring of evasion
HPRegen 0.31/turn    w - +6 ring of strength
MPRegen 0.11/turn

%: no passive effects
@: no status effects
A: antennae 1, powered by death 1, spiny 1, weakness stinger 2
a: no special abilities


You escaped.
You visited 1 branch of the dungeon, and saw 5 of its levels.

You collected 236 gold pieces.

Inventory:

Hand Weapons
 a - a +2 dagger of venom (weapon)
 i - a +0 short sword
 z - the +5 flail of Prudence {drain, rN+ Will- Str+5}
   (You found it on level 5 of the Dungeon)

   Str:       It affects your strength (+5).
   rN:        It protects you from negative energy.
   Will:      It decreases your willpower.
Missiles
 s - 2 throwing nets
Armour
 b - a +0 leather armour (worn)
 k - a +2 helmet
Jewellery
 q - a +5 ring of evasion (left hand)
 r - a ring of flight
 w - a +6 ring of strength (right hand)
 x - a ring of fire
Wands
 c - a wand of flame (14) (quivered)
 d - a wand of charming (25)
 e - a wand of iceblast (5)
Scrolls
 f - 2 scrolls of noise {unknown}
 g - a scroll of enchant weapon {unknown}
 h - 2 scrolls of identify {unknown}
 j - a scroll of immolation {unknown}
 l - a scroll of vulnerability {unknown}
 m - a scroll of silence {unknown}
 n - a scroll of summoning {unknown}
 u - a scroll of brand weapon {unknown}
 y - a scroll of torment {unknown}
Potions
 o - a potion of resistance {unknown}
 p - 6 potions of curing
 t - a potion of might {unknown}
 v - a potion of heal wounds {unknown}


   Skills:
 + Level 9.4 Fighting
 - Level 1.7 Armour
 - Level 0.8 Dodging
 - Level 0.8 Stealth
 - Level 3.0 Evocations


You had 7 spell levels left.
You didn't know any spells.
Your spell library contained the following spells:

 Spells                   Type           Power      Damage    Failure   Level
 Slow                     Hex            0%         N/A       34%         1
 Blink                    Tloc           0%         N/A       45%         2
 Ensorcelled Hibernation  Hex/Ice        0%         N/A       45%         2
 Lesser Beckoning         Tloc           0%         N/A       45%         2
 Momentum Strike          Conj/Tloc      0%         3d8       45%         2
 Passwall                 Tmut/Erth      0%         N/A       45%         2
 Poisonous Vapours        Pois/Air       0%         N/A       45%         2
 Confusing Touch          Hex            0%         N/A       71%         3
 Mephitic Cloud           Conj/Pois/Air  0%         N/A       71%         3
 Summon Guardian Golem    Hex/Summ       0%         N/A       71%         3
 Swiftness                Air            0%         N/A       71%         3
 Vampiric Draining        Necr           0%         2d6       71%         3
 Freezing Cloud           Conj/Ice/Air   0%         6-21      100%        5
 Orb of Destruction       Conj           0%         9d5       100%        7
 Spellforged Servitor     Conj/Summ      0%         N/A       100%        7


Dungeon Overview and Level Annotations

Branches:
Dungeon (5/15)
 Temple: D:4-7

Altars:
Cheibriados
Xom

Shops:
D:1 =   D:2 [


Innate Abilities, Weirdness & Mutations

You have a pair of small antennae on your head.
You regenerate a little health from kills.
You are partially covered in sharp spines.
You have a tail ending in a sharp stinger.


Message History

The iguana bites you!
You hit the iguana.
The iguana is severely wounded.
The iguana closely misses you.
You hit the iguana.
The iguana looks as sick as possible!
You tail-slap the iguana, but do no damage.
The iguana is almost dead.
The adder bites you but does no damage. The iguana completely misses you.
You barely miss the iguana. You tail-slap the iguana.
You kill the iguana!
The adder is struck by your spines. The adder misses you.
You have reached level 8!
You feel stronger.
Your demonic ancestry asserts itself...
A pair of antennae grows on your head!
Your +2 helmet falls away!
You barely miss the adder.
The adder is heavily wounded.
The adder is struck by your spines.
You kill the adder!
No target in view!
(D) Dungeon
Where to? (Enter - D:5, ? - help)
What level of the Dungeon? (default 1, ? - help)
There is a stone staircase leading up here.
You climb upwards.
There is a stone staircase leading down here.
You see here a +0 quarterstaff.
There is a stone staircase leading up here.
You climb upwards.
There is a stone staircase leading down here.
There is a stone staircase leading up here.
You climb upwards.
There is a stone staircase leading down here.
There is an entrance to Siciv's Armour Shoppe here.
There is a stone staircase leading up here.
You climb upwards.
There is a stone staircase leading down here.
There is a staircase leading out of the dungeon here.
Are you sure you want to leave the Dungeon?
This will make you lose the game!
You have escaped!

.)..^..#..##≈≈≈≈≈≈~≈≈≈#.#.###.###
.###.#.#..#≈≈≈≈≈≈~≈≈≈≈≈..........
.###)#.#..≈≈≈≈≈≈≈~≈≈≈≈≈≈#.###.##.
.........≈≈≈8≈≈≈≈≈~≈≈8≈≈≈.# #.##.
.###.#.##≈≈≈≈≈≈≈≈≈≈~≈≈≈≈≈.# #.##.
.........≈≈≈≈...≈≈≈~≈≈≈≈≈.# #.##.
.###.#.##.≈≈.≈≈≈.≈≈~≈≈≈≈≈.# #.##.
.# #.#.##≈..≈≈≈≈.>~≈≈≈≈≈≈.###.##.
.###.#.##≈≈≈≈≈≈~@.≈≈≈≈..≈.....##.
...#.#.##≈≈≈≈≈~≈≈.≈≈≈.≈≈..######.
.#.#.#.##≈≈≈≈≈~≈≈≈...≈≈≈≈.# #.
.......##≈≈≈≈≈~≈≈≈≈≈≈≈≈≈≈.# #.
.###.####≈≈≈8≈≈~≈≈≈≈≈8≈≈≈.# #. .#
#.#####≈≈≈≈≈≈~≈≈≈≈≈≈≈#.######. .#
#.......≈≈≈≈≈~≈≈≈≈≈≈##........ .#
#######.#≈≈≈~≈≈≈≈≈≈########### .#
#.....########


There were no monsters in sight!

Vanquished Creatures
  Grinder (D:4)
  Edmund (D:5)
  An ice beast (D:5)
  A centaur (D:5)
  A phantom (D:5)
  4 hounds
  A sleepcap (D:4)
  A jelly (D:3)
  Jessica (D:2)
  2 iguanas
  2 orc wizards (D:5)
  3 gnolls (D:3)
  5 adders
  A white imp (D:5)
  2 ufetubi (D:5)
  A worm (D:2)
  A dart slug (D:5)
  4 orcs
  3 bats
  8 endoplasms
  2 giant cockroaches
  6 goblins
  4 hobgoblins
  9 jackals
  7 quokkas
  6 ball pythons
  A frilled lizard (D:3)
  13 kobolds
  4 rats
96 creatures vanquished.

Notes
Turn   | Place    | Note
-------+----------+-------------------------------------------
     0 | D:1      | Alarkh the Demonspawn Artificer began the quest for the
                  | Orb.
     0 | D:1      | Reached XP level 1. HP: 15/15 MP: 1/1
   405 | D:1      | Reached skill level 2 in Fighting
   415 | D:1      | Gained mutation: You are partially covered in sharp spines.
                  | [demonic ancestry]
   415 | D:1      | Reached XP level 2. HP: 13/22 MP: 2/2
   456 | D:1      | Found a faded altar of an unknown god.
   834 | D:1      | Found Qihuocw's Jewellery Shop.
  1001 | D:2      | Reached skill level 3 in Fighting
  1001 | D:2      | Discovered your monstrous ancestry.
  1001 | D:2      | Gained mutation: You have a small tail. [demonic ancestry]
  1001 | D:2      | Reached XP level 3. HP: 18/29 MP: 3/3
  1095 | D:2      | Found Siciv's Armour Shoppe.
  1209 | D:2      | Noticed Jessica
  1215 | D:2      | Killed Jessica
  1464 | D:2      | Reached XP level 4. HP: 28/37 MP: 4/4
  1600 | D:3      | Reached skill level 4 in Fighting
  1775 | D:3      | Gained mutation: You have a tail ending in a sharp stinger.
                  | [demonic ancestry]
  1775 | D:3      | Reached XP level 5. HP: 35/43 MP: 5/5
  1883 | D:3      | Reached skill level 5 in Fighting
  2236 | D:4      | Noticed Grinder
  2254 | D:4      | Killed Grinder
  2255 | D:4      | Reached skill level 6 in Fighting
  2255 | D:4      | Gained mutation: You regenerate a little health from kills.
                  | [demonic ancestry]
  2255 | D:4      | Reached XP level 6. HP: 31/53 MP: 6/6
  2482 | D:4      | Reached skill level 7 in Fighting
  2858 | D:5      | Entered Level 5 of the Dungeon
  3007 | D:5      | Found a snail-covered altar of Cheibriados.
  3179 | D:5      | Noticed an ice beast
  3195 | D:5      | Killed an ice beast
  3196 | D:5      | Reached XP level 7. HP: 32/60 MP: 7/7
  3368 | D:5      | Found a shimmering altar of Xom.
  3388 | D:5      | Identified the +5 flail of Prudence {drain, rN+ Will-
                  | Str+5}
  3457 | D:5      | Noticed Edmund
  3476 | D:5      | Killed Edmund
  3477 | D:5      | Reached skill level 8 in Fighting
  3575 | D:5      | Reached skill level 9 in Fighting
  3639 | D:5      | Gained mutation: You have a pair of small antennae on your
                  | head. [demonic ancestry]
  3639 | D:5      | Reached XP level 8. HP: 53/71 MP: 8/8
  3815 | D:$      | Got out of the dungeon alive.

Illustrated notes

Levels and vault maps discovered:
D:1:      nzn_arrival_water_spiral, layout_basic,
          hellmonk_ecumenical_altar_prayer_group, serial_shops,
          nicolae_shop_advertising_works [nicolae_subvault_shop_adworks],
          serial_park_tiny_2
D:2:      layout_rooms, serial_shops, shop, uniq_jessica
D:3:      layout_rooms, mainiacjoe_overflow_brackets, minmay_close_crescents
D:4:      layout_basic, uniq_grinder
D:5:      layout_loops_corners, kennysheep_little_box,
          mainiacjoe_overflow_six_doors_small, minmay_fractal_squares_5,
          uniq_edmund

Skill      XL: |  1  2  3  4  5  6  7 |
---------------+----------------------+-----
Fighting       | 2 3 4 6 7 9 |  9.4
Armour         | |  1.7
Dodging        | |  0.8
Stealth        | |  0.8
Evocations     | |  3.0

Action                     |  1- 3 |  4- 6 |  7- 9 || total
---------------------------+-------+-------+-------++-------
  Melee: Short sword       |    33 |       |       ||    33
         Club              |    25 |       |       ||    25
         Dagger            |    32 |   121 |    57 ||   210
         Tailslap          |     1 |    22 |    14 ||    37
         Punch             |       |       |     2 ||     2
  Evoke: Wand              |       |     2 |     1 ||     3
   Stab: Sleeping          |     1 |       |       ||     1
 Armour: Leather armour    |    35 |    25 |    17 ||    77
  Dodge: Dodged            |    58 |    65 |    50 ||   173
